 Dungeon Crawl Stone Soup version 0.25-a0-663-gace7076f2c (webtiles) character file.

Game seed: 17894795264502099928, levelgen mode: deterministic

11 LokiSocial the Grave Robber (level 2, -1/15 HPs)
             Began as a Deep Elf Necromancer on Mar 24, 2020.
             Killed from afar by a dart slug (4 damage)
             ... with a slug dart
             ... on level 1 of the Dungeon.
             The game lasted 00:04:05 (155 turns).

LokiSocial the Grave Robber (Deep Elf Necromancer)   Turns: 155, Time: 00:04:06

Health: -1/15      AC:  2    Str:  5    XL:     2   Next: 17%
Magic:  7/8        EV: 13    Int: 19    God:
Gold:   46         SH:  0    Dex: 15    Spells: 5/7 levels left

rFire    . . .     SeeInvis .   f - +0 dagger
rCold    . . .     Gourm    .   (no shield)
rNeg     . . .     Faith    .   a - +0 robe
rPois    .         Spirit   .   (no helmet)
rElec    .         Reflect  .   (no cloak)
rCorr    .         Harm     .   (no gloves)
MR       .....                  (no boots)
Stlth    ++........             e - amulet of rage
HPRegen  0.05/turn              (no ring)
MPRegen  0.11/turn              (no ring)

@: no status effects
A: no striking features
a: Evoke Berserk Rage


You were on level 1 of the Dungeon.
You were not hungry.

You visited 1 branch of the dungeon, and saw 1 of its levels.

You collected 46 gold pieces.

Inventory:

Hand Weapons
 f - a +0 dagger (weapon)
Armour
 a - a +0 robe (worn)
Jewellery
 e - an amulet of rage (around neck)
Comestibles
 c - a ration
 d - 4 chunks of flesh


   Skills:
 + Level 2.4 Dodging
 + Level 2.4 Stealth
 + Level 3.2 Spellcasting
 * Level 5.3 Necromancy


You had 5 spell levels left.
You knew the following spells:

 Your Spells              Type           Power        Failure   Level  Hunger
a - Pain                  Necr           ###.         1%          1    None
b - Animate Skeleton      Necr           N/A          1%          1    None

Your spell library contained the following spells:

 Spells                   Type           Power        Failure   Level  Hunger
 Vampiric Draining        Necr           ###.......   4%          3    ###....
 Animate Dead             Necr           N/A          16%         4    ####...
 Agony                    Necr           ###.....     41%         5    ######.


Dungeon Overview and Level Annotations

Branches:
Dungeon (1/15)

Altars:


Message History

The dart slug launches a dart at you. The slug dart hits you.
* * * LOW HITPOINT WARNING * * *
Your kobold skeleton hits the dart slug.
The dart slug dies!
You start resting.
A dart slug comes into view.
What are your orders? t - Shout!
Orders for allies: a - Attack new target. r - Retreat! s - Stop attacking. g - Guard the area. f - Follow me.
Anything else - Cancel.
Gang up on whom?
Press: ? - help, Dir - move target cursor, f - dart slug
Aim: a dart slug Attack!
The dart slug launches a dart at you. The slug dart hits you.
You die...

.#.###.#..##.....>..#
######.#.# #.#.....†......#
.........# #.#.w..........#
.........# #.#.)Z.........#
.........# #.#.(Z.#..#.####
.........# #.#.......#.#
...(.....#
#.##......#.######
.........###................
................@......##..#
.........#..≈≈≈≈≈≈≈≈≈≈.###.#
.........##.≈........≈.....#
.........##.≈.....≈≈.≈.≈≈..#
.........##.≈.....≈.<≈..≈..#
............≈..≈≈.≈.≈≈..≈..#
........##..≈..≈>.≈.....≈..#
##########..≈≈.≈.≈≈.....≈..#
##....≈........≈..#


You could see a dart slug, a friendly goblin skeleton and a friendly kobold
skeleton.

Vanquished Creatures
  2 goblins (D:1)
  A hobgoblin (D:1)
  A bat (D:1)
  A kobold (D:1)
  A rat (D:1)
6 creatures vanquished.

Vanquished Creatures (collateral kills)
  A dart slug (D:1)
  A goblin (D:1)
  A kobold (D:1)
  A ball python (D:1)
4 creatures vanquished.

Grand Total: 10 creatures vanquished

Notes
Turn   | Place    | Note
-------+----------+-------------------------------------------
     0 | D:1      | LokiSocial the Deep Elf Necromancer began the quest for the
                  | Orb.
     0 | D:1      | Reached XP level 1. HP: 10/10 MP: 6/6
    15 | D:1      | Learned a level 1 spell: Animate Skeleton
    33 | D:1      | Reached skill level 5 in Necromancy
    67 | D:1      | Reached XP level 2. HP: 4/15 MP: 1/8
   155 | D:1      | Killed from afar by a dart slug

Levels and vault maps discovered:
D:1:      ebering_trefoil_twist, layout_basic, minmay_small_reverse_x

Skill      XL: |  1 |
---------------+----+-----
Necromancy     | 5 |  5.3
Dodging        | |  2.4
Stealth        | |  2.4
Spellcasting   | |  3.2

Action                   || total
-------------------------++-------
Melee: Whip              ||     1
 Cast: Pain              ||    11
       Animate Skeleton  ||     3
Dodge: Dodged            ||     3

Table legend:
 A = Non-vault XP
 B = Vault XP
 C = Vault XP percentage of total XP
 D = Non-vault monster count
 E = Vault monster count
 F = Vault count percentage of total count
                 A         B        C        D         E       F
            +---------+---------+-------+---------+---------+-------
      Total |      17 |       0 |   0.0 |      10 |       0 |   0.0
            +---------+---------+-------+---------+---------+-------
        D:1 |      17 |       0 |   0.0 |      10 |       0 |   0.0
            +---------+---------+-------+---------+---------+-------
